 Dungeon Crawl Stone Soup version 0.26-a0-652-gafc20e3620 (webtiles) character file.

Game seed: 14971290174842561089

96 DoubleLucky the Chiller (level 4, -1/33 HPs)
             Began as a Vampire Ice Elementalist on Oct 4, 2020.
             Slain by a leopard gecko (4 damage)
             ... on level 3 of the Dungeon.
             The game lasted 00:09:20 (2361 turns).

DoubleLucky the Chiller (Vampire Ice Elementalist)  Turns: 2361, Time: 00:09:21

Health: -1/33      AC:  2    Str:  7    XL:     4   Next: 41%
Magic:  8/8        EV: 13    Int: 18    God:
Gold:   134        SH:  0    Dex: 20    Spells: 8/9 levels left

rFire    . . .     SeeInvis +   h - +0 dagger
rCold    . . .     Faith    .   (no shield)
rNeg     . . .     Spirit   .   a - +0 robe
rPois    .         Reflect  .   (no helmet)
rElec    .         Harm     .   (no cloak)
rCorr    .         Rampage  .   (no gloves)
MR       .....                  (no boots)
Stlth    +++.......             r - amulet of magic regeneration
HPRegen  0.31/turn              e - +6 ring of dexterity
MPRegen  0.36/turn              (no ring)

@: regenerating quickly
A: fangs 3, see invisible, unbreathing
a: Exsanguinate


You were on level 3 of the Dungeon.
You visited 1 branch of the dungeon, and saw 3 of its levels.

You collected 134 gold pieces.

Inventory:

Hand Weapons
 b - a +0 spear
 h - a +0 dagger (weapon)
Missiles
 d - 114 stones
 m - 2 atropa-tipped darts
 o - 17 poisoned darts (quivered)
Armour
 a - a +0 robe (worn)
 n - a +0 leather armour
Jewellery
 e - a +6 ring of dexterity (left hand)
 r - an amulet of magic regeneration (around neck)
Scrolls
 c - 3 scrolls of identify {unknown}
 j - 4 scrolls of teleportation {unknown}
 k - 2 scrolls of enchant weapon {unknown}
 p - a scroll of noise {unknown}
Potions
 f - 2 potions of curing {unknown}
 g - a potion of degeneration {unknown}
 i - a potion of cancellation {unknown}
 l - a potion of heal wounds {unknown}
 q - a potion of ambrosia {unknown}


   Skills:
 + Level 2.0 Fighting
 - Level 2.1 Dodging
 - Level 3.0 Stealth
 + Level 3.0 Spellcasting
 + Level 4.7 Ice Magic


You had 8 spell levels left.
You knew the following spells:

 Your Spells              Type           Power        Failure   Level
a - Freeze                Ice            ###.         2%          1

Your spell library contained the following spells:

 Spells                   Type           Power        Failure   Level
 Frozen Ramparts          Ice            ###...       7%          3
 Ozocubu's Armour         Ice            ###.....     7%          3
 Hailstorm                Conj/Ice       ##......     52%         4
 Summon Ice Beast         Ice/Summ       ##......     52%         4


Dungeon Overview and Level Annotations

Branches:
Dungeon (3/15)

Altars:
Vehumet

Annotations:
D:3 1 exclusion


Innate Abilities, Weirdness & Mutations

Your natural rate of healing is unusually fast.
You have razor-sharp teeth.
You have supernaturally acute eyesight. (SInv)
You can survive without breathing.


Message History

The leopard gecko bites you.
The gnoll hits you from afar with a +0 spear!
* * * LOW HITPOINT WARNING * * *
The leopard gecko closely misses you.
You hit the leopard gecko but do no damage.
The leopard gecko is almost dead.
The gnoll barely misses you. The leopard gecko barely misses you.
You hit the leopard gecko but do no damage.
Your bite misses the leopard gecko.
The leopard gecko is almost dead.
The gnoll hits you from afar with a +0 spear!
* * * LOW HITPOINT WARNING * * *
The leopard gecko completely misses you.
You miss the leopard gecko.
The leopard gecko is almost dead.
The leopard gecko barely misses you. The gnoll hits you but does no damage.
You barely miss the leopard gecko.
The leopard gecko is almost dead.
The leopard gecko bites you.
You die...

....###
#######..........g.
#.....+.... .....
#g#g###.... ..g.
#.#.g.#.... .g.
#g#<..#.#.# #g#####
#.##g##l#.# #.....###
#.#.gg.@#.######..[.....
##.#######...(..#........
#....g(.)'...............
##########...............
#.......########
#.......# #.......#
#.......# #.......#


You could see 3 gnolls and a leopard gecko.

Vanquished Creatures
  Jessica (D:2)
  2 adders (D:2)
  A worm (D:2)
  4 leopard geckos
  4 giant cockroaches
  4 goblins (D:1)
  6 hobgoblins
  4 jackals (D:2)
  A quokka (D:3)
  2 ball pythons (D:1)
  3 bats
  4 frilled lizards
  6 kobolds
  4 rats (D:1)
46 creatures vanquished.

Notes
Turn   | Place    | Note
-------+----------+-------------------------------------------
     0 | D:1      | DoubleLucky the Vampire Ice Elementalist began the quest
                  | for the Orb.
     0 | D:1      | Reached XP level 1. HP: 13/13 MP: 3/3
   283 | D:1      | Reached XP level 2. HP: 16/20 MP: 0/5
   447 | D:1      | Reached skill level 1 in Fighting
  1156 | D:2      | Reached XP level 3. HP: 26/26 MP: 0/6
  1277 | D:2      | Found a radiant altar of Vehumet.
  1459 | D:2      | Noticed Jessica
  1908 | D:2      | Killed Jessica
  1908 | D:2      | Reached XP level 4. HP: 14/33 MP: 5/8
  2361 | D:3      | Slain by a leopard gecko

Illustrated notes

Levels and vault maps discovered:
D:1:      kilobyte_arrival_exit_the_forest, layout_basic, minmay_pentomino_u4
D:2:      layout_basic, vehumet_crystals, uniq_jessica
D:3:      layout_basic, marbit_many_paths, minmay_misc_feat_five

Skill      XL: |  1  2  3  4 |
---------------+-------------+-----
Fighting       | 1 2 |  2.0
Spellcasting   | 3 |  3.0
Dodging        | |  2.1
Stealth        | |  3.0
Ice Magic      | |  4.7

Action                   |  1- 3 |  4- 6 || total
-------------------------+-------+-------++-------
Melee: Spear             |     3 |       ||     3
       Dagger            |    10 |     9 ||    19
       Bite              |       |     2 ||     2
Throw: Dart              |    31 |    15 ||    46
       Stone             |     2 |       ||     2
 Cast: Freeze            |    57 |    11 ||    68
 Stab: Sleeping          |     2 |       ||     2
Armor: Robe              |     7 |     2 ||     9
Dodge: Dodged            |    34 |    17 ||    51

Table legend: (Time is in decaauts)
 A = Elapsed time spent in this place.
 B = Non-inter-level travel time spent in this place.
 C = Inter-level travel time spent in this place.
 D = Time resting spent in this place.
 E = Time spent auto-exploring this place.
 F = Levels seen in this place.
 G = Mean time per level.
                   A        B        C        D        E       F      G
               +--------+--------+--------+--------+--------+-----+--------+
         Total |   2366 |   2237 |    129 |    144 |   1547 |   3 |  788.7 |
       Dungeon |   2366 |   2237 |    129 |    144 |   1547 |   3 |  788.7 |
               +--------+--------+--------+--------+--------+-----+--------+

Top non-repeatable levels by time:
     D:1: 1186 daAuts
     D:2: 1072 daAuts
     D:3: 107 daAuts
